 Dungeon Crawl Stone Soup version 0.31.0-1-g2c135a0 (webtiles) character file.

Game seed: 10045331658817487401

93 brinewave the Magician (level 4, -11/32 HPs)
             Began as a Mummy Alchemist on Jan 26, 2024.
             Mangled by an iguana (12 damage)
             ... on level 3 of the Dungeon.
             The game lasted 00:06:10 (2061 turns).

brinewave the Magician (Mummy Alchemist)            Turns: 2061, Time: 00:06:10

Health: -11/32     AC:  3    Str: 11    XL:     4   Next: 36%
Magic:  5/8        EV: 12    Int: 16    God:
Gold:   97         SH:  0    Dex: 12    Spells: 8/9 levels left

rFire   x . .        g - +0 short sword
rCold   + . .        (no shield)
rNeg    + + +        a - +0 robe
rPois   ∞            (no helmet)
rElec   .            b - +0 cloak
rCorr   .            (no gloves)
SInv    .            (no boots)
Will    +....        (no amulet)
Stlth   ++           e - ring of willpower
HPRegen 0.25/turn    (no ring)
MPRegen 0.11/turn

%: faith
@: no status effects
A: cold resistance 1, negative energy resistance 3, torment resistance 2, heat
vulnerability 1, in touch with death 1, no potions, faith
a: no special abilities


You were on level 3 of the Dungeon.
You visited 1 branch of the dungeon, and saw 3 of its levels.

You collected 97 gold pieces.

Inventory:

Hand Weapons
 f - a +0 trident
 g - a +0 short sword (weapon)
Armour
 a - a +0 robe (worn)
 b - a +0 cloak (worn)
Jewellery
 e - a ring of willpower (left hand)
Scrolls
 c - 2 scrolls of amnesia {unknown}
 d - a scroll of vulnerability {unknown}
 h - 2 scrolls of enchant weapon {unknown}
 i - a scroll of identify {unknown}
 j - a scroll of teleportation {unknown}
 k - a scroll of enchant armour {unknown}
 l - a scroll of poison {unknown}
 m - a scroll of torment {unknown}


   Skills:
 + Level 1.3 Fighting
 + Level 2.1 Dodging
 - Level 1.5 Stealth
 + Level 3.3 Spellcasting
 * Level 1.8 Conjurations
 * Level 3.0 Alchemy


You had 8 spell levels left.
You knew the following spells:

 Your Spells              Type           Power      Damage    Failure   Level
a - Sting                 Conj/Alch      40%        1d5       7%          1

Your spell library contained the following spells:

 Spells                   Type           Power      Damage    Failure   Level
 Mercury Vapours          Alch/Air       14%        N/A       14%         2
 Mephitic Cloud           Conj/Alch/Air  7%         N/A       28%         3
 Olgreb's Toxic Radiance  Alch           12%        N/A       45%         4
 Call Canine Familiar     Summ           2%         N/A       50%         3
 Sigil of Binding         Hex            2%         N/A       50%         3
 Sticky Flame             Fire/Alch      7%         2d4       67%         4
 Dimensional Bullseye     Hex/Tloc       1%         N/A       88%         4
 Freezing Cloud           Conj/Ice/Air   2%         6-21      98%         5


Dungeon Overview and Level Annotations

Branches:
Dungeon (3/15)

Altars:

Shops:
D:1 *

Annotations:
D:2 Sigmund


Innate Abilities, Weirdness & Mutations

You are immune to poison.
Your flesh is cold resistant. (rC+)
You are immune to negative energy. (rN+++)
You are immune to unholy pain and torment.
You are vulnerable to heat. (rF-)
You are in touch with the powers of death.
You do not drink.
You have a special connection with the divine. (Faith)


Message History

There's nothing to close nearby.
You can't go down here!
There is a stone staircase leading down here.
You climb downwards.
There is a stone staircase leading up here.
The helpless iguana fails to defend itself.
You hit the iguana but do no damage. The iguana bites you!
Aiming: Sting (safe; 7% risk of failure)
Press: ? - help, Q - select action Shift-Dir - straight line, f - iguana
Aim: an iguana (75% to hit)
You miscast Sting.
You are very lightly contaminated with residual magic.
Nothing appears to happen.
The iguana bites you!
There is a stone staircase leading up here.
Aiming: Sting (safe; 7% risk of failure)
Press: ? - help, Q - select action Shift-Dir - straight line, f/p - iguana
Aim: an iguana (75% to hit)
The sting hits the iguana but does no damage.
The iguana is poisoned.
The iguana bites you!
* * * LOW HITPOINT WARNING * * *
The iguana attacks as it pursues you! The iguana misses you.
Aiming: Sting (safe; 7% risk of failure)
Press: ? - help, Q - select action Shift-Dir - straight line, f/p - iguana
Aim: an iguana (lightly wounded, poisoned, 75% to hit)
The sting misses the iguana.
The iguana barely misses you.
You hit the iguana but do no damage.
The iguana is lightly wounded.
The iguana misses you.
You closely miss the iguana.
The iguana is lightly wounded.
The iguana bites you.
* * * LOW HITPOINT WARNING * * *
Your magical contamination has completely faded away.
You hit the iguana but do no damage.
The iguana is moderately wounded.
The iguana looks more healthy.
The iguana bites you!
You die...

# #.# #####
#...#.#@#
#....#l##.###
#............
###..###.....
##.. ....
###. ... ..
.. #. . ..


You could see an iguana.

Vanquished Creatures
  A gnoll (D:1)
  3 adders (D:2)
  2 ribbon worms (D:2)
  5 bats
  5 endoplasms
  8 giant cockroaches
  3 goblins (D:1)
  A hobgoblin (D:1)
  6 quokkas
  2 ball pythons
  5 frilled lizards (D:1)
  3 kobolds
  3 rats
47 creatures vanquished.

Notes
Turn   | Place    | Note
-------+----------+-------------------------------------------
     0 | D:1      | brinewave the Mummy Alchemist began the quest for the Orb.
     0 | D:1      | Reached XP level 1. HP: 13/13 MP: 4/4
   175 | D:1      | Reached skill level 1 in Conjurations
   258 | D:1      | Reached XP level 2. HP: 18/19 MP: 2/5
   284 | D:1      | Found a faded altar of an unknown god.
   696 | D:1      | Reached XP level 3. HP: 25/25 MP: 2/7
   861 | D:1      | Found Puoset's Assorted Antiques.
  1242 | D:2      | Reached skill level 1 in Fighting
  1460 | D:2      | Reached XP level 4. HP: 32/32 MP: 5/8
  1809 | D:2      | Noticed Sigmund
  2060 | D:3      | HP: 1/32 [iguana (3)]
  2061 | D:3      | Mangled by an iguana

Illustrated notes

Levels and vault maps discovered:
D:1:      dpeg_arrival_rhombus, layout_loops_ring,
          shapermc_ecumenical_altar_pompeii, serial_shops, shop
D:2:      layout_rooms, kennysheep_pointless_box, minmay_misc_feat_encased,
          amcnicky_mini_corridor_feature, kennysheep_doodads, uniq_sigmund
D:3:      layout_rooms, gammafunk_ghost_cemetery, serial_shops,
          nicolae_shop_getting_attention, shop, nicolae_lakefront_shop,
          kennysheep_big_empty_room

Skill      XL: |  1  2  3  4 |
---------------+-------------+-----
Conjurations   | 1 |  1.8
Spellcasting   | 3 |  3.3
Fighting       | 1 |  1.3
Dodging        | 2 |  2.1
Alchemy        | 3 |  3.0
Stealth        | |  1.5

Action                     |  1- 3 |  4- 6 || total
---------------------------+-------+-------++-------
  Melee: Unarmed           |    13 |       ||    13
         Trident           |    20 |       ||    20
         Short sword       |    20 |    22 ||    42
   Cast: Sting             |    49 |    25 ||    74
   Stab: Sleeping          |     3 |     2 ||     5
 Armour: Robe              |    36 |    30 ||    66
  Dodge: Dodged            |    60 |    35 ||    95
